Unix NetHack Version 3.7.0-94 Work-in-progress - last build Dec 13 2023 01:40:03 (eb5afe49d650b6f5c6196fad733e3b2b9fb6c025,branch:master). Game began 2023-12-16 12:06:42, ended 2023-12-16 12:12:35. wvc, neutral female human Priestess -- ---.| --#G<.| ....[@-- ......-- ...... ...... . Wvc the Acolyte St:14 Dx:12 Co:15 In:8 Wi:17 Ch:9 Neutral S:403 Dlvl:4 $:21 HP:0(31) Pw:45(45) AC:7 Xp:3/58 T:1207 Latest messages: In what direction? h The dwarf vanishes! You hear crashing rock. You hit the gnome. You kill the gnome! You climb up the stairs. You remember this level as vault. You stop searching. You hear the footsteps of a guard on patrol. You kill the large kobold! Welcome to experience level 3. You hear the footsteps of a guard on patrol. You feel full of energy. You are beginning to feel hungry. You stop searching. What do you want to eat? [efjA or ?*] ? This cram ration is bland. You finish eating the cram ration. You are in full health. What do you want to drink? [dimov or ?*] ? Never mind. You descend the stairs. What do you want to ready? [- $szB or ?*] ? s - 11 darts (at the ready). In what direction? h The dart hits the dwarf. You hit the dwarf. You miss the dwarf. The dwarf swings his pick-axe. The dwarf hits! You miss the dwarf. The dwarf swings his pick-axe. The dwarf hits! You kill the dwarf! The gnome picks up a hooded cloak. You miss the gnome. You hit the gnome. The gnome hits! You miss the gnome. The gnome just misses! You kill the gnome! The gnome hits! You miss the gnome. The gnome hits! You miss the gnome. You miss the gnome. The gnome hits! You die... Do you want your possessions identified? [ynq] (y) y Do you want to see your attributes? [ynq] (y) q Inventory: Coins ('$') $ - 21 gold pieces Weapons (')') s - 10 +0 darts (at the ready) z - a +0 dagger B - a blessed +2 long sword a - a blessed +1 mace (weapon in right hand) Armor ('[') c - a +0 small shield (being worn) b - a blessed +0 robe (being worn) Comestibles ('%') e - 3 cloves of garlic f - 2 sprigs of wolfsbane j - a lichen corpse Scrolls ('?') y - a scroll of blank paper t - a scroll of create monster p - a blessed scroll of enchant weapon u - 2 scrolls of identify k - a cursed scroll of identify n - a scroll of teleportation Spellbooks ('+') h - a spellbook of extra healing g - a spellbook of light Potions ('!') i - a potion of booze o - a potion of invisibility m - a potion of sickness v - a cursed potion of sleeping d - 4 potions of holy water Wands ('/') w - a wand of teleportation (0:5) Tools ('(') x - a tin opener Gems/Stones ('*') l - a worthless piece of green glass r - a worthless piece of white glass Wvc the Priestess's attributes: Background: You were an Acolyte, a level 3 human Priestess. You were neutral, nominally on a mission for Camaxtli who was opposed by Quetzalcoatl (lawful) and Huhetotl (chaotic). You were right-handed. You were in the Gnomish Mines, on level 4. You entered the dungeon 1207 turns ago. You had 58 experience points, 22 more were needed to attain level 4. Your score was 403 before end-of-game adjustments. Basics: You had 0 out of 31 hit points. You had all 45 energy points (spell power). Your armor class was 7. Your wallet contained 21 zorkmids. Autopickup was on for '$!"?=' plus thrown. Final Characteristics: Your strength was 14 (limit:18/100). Your dexterity was 12 (limit:18). Your constitution was 15 (limit:18). Your intelligence was 8 (limit:18). Your wisdom was 17 (limit:18). Your charisma was 9 (limit:18). Final Status: You weren't hungry. You were unencumbered. You were wielding a mace. You had basic skill with mace. Final Attributes: You were devoutly aligned. You were guarded. You are dead. Miscellaneous: You never encountered a bones level. Total elapsed playing time was 5 minutes and 52 seconds. Major events: Turn 1: wvc the neutral human Priestess entered the dungeon 1064: entered the Gnomish Mines 1105: attained the rank of Acolyte (level 3) 1207: killed by a gnome Vanquished creatures: a shrieker a dwarf a hobbit a large kobold 2 gnomes 2 jackals 3 grid bugs a lichen 3 newts 15 creatures vanquished. No species were genocided or became extinct. Voluntary challenges: You were an atheist. You were illiterate. You never engraved Elbereth. You never had a pet. You never genocided any monsters. You never polymorphed an object. You never changed form. You used no wishes. Achievements: You entered a shop. You entered the Gnomish Mines. You attained the rank of Acolyte. The Dungeons of Doom: levels 1 to 3 Level 1: Level 2: A general store, a fountain. Level 3: "vault" Many fountains. Stairs down to The Gnomish Mines. The Gnomish Mines: Level 4: <- You were here. Final resting place for you, killed by a gnome. Game over: ---------- / \ / REST \ / IN \ / PEACE \ / \ | wvc | | 21 Au | | killed by a | | gnome | | | | | | 2023 | *| * * * | * _________)/\\_//(\/(/\)/\//\/|_)_______ Goodbye wvc the Priestess... You died in The Gnomish Mines on dungeon level 4 with 401 points, and 21 pieces of gold, after 1207 moves. You were level 3 with a maximum of 31 hit points when you died.